 Dungeon Crawl Stone Soup version 0.31-a0-836-g3ceb0a68c4 (webtiles) character file.

Game seed: 7489523792453905000

3133 LeprechaunX the Mimic (level 9, -5/62 HPs)
             Began as an Octopode Shapeshifter on Sept 27, 2023.
             Was an Initiate of Hepliaklqana.
             Slain by a cyclops (17 damage)
             ... on level 7 of the Dungeon.
             The game lasted 00:12:37 (5558 turns).

LeprechaunX the Mimic (Octopode Shapeshifter)       Turns: 5558, Time: 00:12:38

Health: -5/62      AC:  1    Str: 17    XL:     9   Next: 92%
Magic:  9/9        EV: 15    Int: 12    God:    Hepliaklqana [......]
Gold:   128        SH:  0    Dex: 12    Spells: 8/8 levels left

rFire   . .          .
                       - Unarmed
rCold   . . .        (no shield)
rNeg    . . .        (helmet currently unavailable)
rPois   +            p - amulet of regeneration
rElec   .            t - ring of flight
rCorr   .            w - ring of poison resistance
SInv    .            (no ring)
Will    .....        (no ring)
Stlth   ++           (no ring)
HPRegen 1.10/turn    (no ring)
MPRegen 0.11/turn    (no ring)
                     (no ring)

%: clarity
@: beast-form, flying
A: beast (slay +4), almost no armour, amphibious, 8 rings, camouflage 1,
gelatinous body 1, (nimble swimmer 1), tentacles, fangs 1, clarity, wild magic 1
a: Begin Untransformation, Renounce Religion


You were on level 7 of the Dungeon.
You worshipped Hepliaklqana.
Hepliaklqana was noncommittal.
You were a hulking beast.
You visited 2 branches of the dungeon, and saw 8 of its levels.
You also visited: Ossuary.

You collected 254 gold pieces.
You spent 126 gold pieces at shops.

Inventory:

Hand Weapons
 a - a +2 heavy sling
Missiles
 x - 6 boomerangs (quivered)
Jewellery
 p - an amulet of regeneration (around mantle)
 s - a ring of fire
 t - a ring of flight (left tentacle)
 w - a ring of poison resistance (right tentacle)
Talismans
 c - a flux talisman
 j - a beast talisman (active)
Wands
 m - a wand of roots (9)
 q - a wand of charming (10)
Scrolls
 d - a scroll of revelation {unknown}
 e - 8 scrolls of teleportation {unknown}
 f - 2 scrolls of summoning {unknown}
 g - a scroll of enchant armour {unknown}
 i - 9 scrolls of identify {unknown}
 l - 2 scrolls of blinking {unknown}
 n - 4 scrolls of immolation {unknown}
 o - 2 scrolls of fog {unknown}
 v - a scroll of silence {unknown}
 y - 3 scrolls of enchant weapon {unknown}
Potions
 b - a potion of attraction {unknown}
 h - a potion of brilliance
 k - 5 potions of lignification
 r - 2 potions of enlightenment
 u - a potion of resistance
 z - a potion of berserk rage {unknown}
 A - a potion of degeneration {unknown}
 B - a potion of might {unknown}
 C - 2 potions of curing {unknown}
 D - 4 potions of heal wounds {unknown}
 E - a potion of invisibility {unknown}


   Skills:
 + Level 6.1 Fighting
 - Level 6.0 Dodging
 + Level 6.7 Unarmed Combat
 + Level 1.3 Invocations
 * Level 8.5 Shapeshifting


You had 8 spell levels left.
You didn't know any spells.
Your spell library contained the following spells:

 Spells                   Type           Power      Damage    Failure   Level
 Static Discharge         Conj/Air       0%         2-2/arc   54%         2
 Airstrike                Air            0%         2d(0-16)  98%         4
 Summon Lightning Spire   Summ/Air       0%         N/A       98%         4


Dungeon Overview and Level Annotations

Branches:
Dungeon (7/15)             Temple (1/1) D:6         Ossuary (visited)

Altars:
Ashenzari
Cheibriados
Dithmenos
Elyvilon
Fedhas
Gozag
Hepliaklqana
Kikubaaqudgha
Makhleb
Nemelex Xobeh
Okawaru
Qazlal
Ru
Sif Muna
Trog
Uskayaw
Vehumet
Wu Jian
Xom
Yredelemnul
Zin

Shops:
D:4 (

Annotations:
D:6 2 transporters


Innate Abilities, Weirdness & Mutations

You are a hulking beast.
Your limbs bulge with bestial killing power. (Slay +4)
You cannot wear most types of armour.
You are amphibious.
You can wear up to eight rings at the same time.
Your skin changes colour to match your surroundings (Stealth+).
Your rubbery body absorbs attacks. (AC +1, EV +1)
((You are camouflaged when in or above water. (Stealth+)))
You have tentacles for arms and can constrict up to eight enemies at once.
You have very sharp teeth.
You possess an exceptional clarity of mind.
Your spells are a little harder to cast, but a little more powerful.


Message History

Your bite misses the shadow imp. The shadow imp closely misses you.
The shadow imp attacks as it pursues you!
The shadow imp closely misses you.
The cyclops throws a large rock.
The large rock hits you!
You bludgeon the shadow imp!
You kill the shadow imp!
You tentacle-slap the sky beast. x2; Your bite misses the sky beast.
The sky beast is heavily wounded.
The sky beast barely misses you.
You tentacle-slap the sky beast. Your bite misses the sky beast.
The sky beast is severely wounded.
The sky beast flickers out of sight!
Deactivating autopickup; reactivate with Ctrl-A.
Something hits you. Something shocks you.
You closely miss something. You tentacle-slap something.
Your squeeze misses something. Something barely misses you.
You tentacle-slap something but do no damage.
Your squeeze misses something.
A sky beast appears from thin air!
Reactivating autopickup.
The sky beast hits you. The sky beast shocks you.
You tentacle-slap the cyclops.
The cyclops is lightly wounded.
The cyclops hits you!!
* * * LOW HITPOINT WARNING * * *
The sky beast hits you.
* * * LOW HITPOINT WARNING * * *
The sky beast shocks you.
* * * LOW HITPOINT WARNING * * *
You tentacle-slap the sky beast. You squeeze the sky beast!
You kill the sky beast!
Unknown command.
You bludgeon the cyclops! You bite the cyclops. You squeeze the cyclops!
The cyclops is moderately wounded.
The cyclops barely misses you.
You tentacle-slap the cyclops. You bite the cyclops, but do no damage.
The cyclops is heavily wounded.
You tentacle-slap the cyclops.
The cyclops is heavily wounded.
The cyclops hits you!
You die...

############ ............
##.######### # #....## ...
#.....## ###########.....
#......####.......<.......
##............#########....
#...##.#####...............
.......####.....h.......#
.........#....###C###.....
.............##..## ...
............##..# .
...........##..#
.#...>.....#..#
.#.........#C#
.#...........
.#.........#.#


You could see a cyclops.

Vanquished Creatures
  Prince Ribbit (D:6)
  Sigmund (D:4)
  Menkaure (D:7)
  A water moccasin (D:6)
  An ice beast (D:7)
  2 sky beasts
  A black bear (D:3)
  A centaur (D:6)
  2 phantoms (D:6)
  11 scorpions
  3 wights (D:4)
  2 bullfrog zombies (D:4)
  6 hounds
  2 centaur zombies (Ossuary)
  2 gnoll boudas
  A jelly (D:6)
  4 human zombies (Ossuary)
  An orc priest (D:7)
  A sleepcap (D:7)
  Ijyb (D:5)
  2 orc wizards (D:5)
  6 scorpion zombies
  3 iguanas
  3 mummies (Ossuary)
  7 gnolls
  6 adders
  2 shadow imps
  2 white imps (D:6)
  An ufetubus (D:5)
  4 worms (D:2)
  14 orcs
  4 ball pythons
  7 bats
  6 endoplasms
  4 giant cockroaches
  3 gnoll zombies (Ossuary)
  9 goblins
  6 hobgoblins
  4 jackals (D:1)
  4 quokkas
  4 frilled lizards
  3 hobgoblin zombies (Ossuary)
  14 kobolds
  2 orc zombies (Ossuary)
  5 rats
170 creatures vanquished.

Notes
Turn   | Place    | Note
-------+----------+-------------------------------------------
     0 | D:1      | LeprechaunX the Octopode Shapeshifter began the quest for
                  | the Orb.
     0 | D:1      | Reached XP level 1. HP: 13/13 MP: 1/1
    45 | D:1      | Reached XP level 2. HP: 18/18 MP: 2/2
   383 | D:1      | Reached XP level 3. HP: 23/23 MP: 3/3
  1466 | D:2      | Reached XP level 4. HP: 29/29 MP: 4/4
  1622 | D:2      | Found a snail-covered altar of Cheibriados.
  1836 | D:3      | Reached skill level 4 in Shapeshifting
  1905 | D:3      | Reached XP level 5. HP: 34/34 MP: 5/5
  2173 | D:3      | Found a broken altar of Ashenzari.
  2174 | D:3      | Noticed a black bear
  2179 | D:3      | Killed a black bear
  2180 | D:3      | Reached XP level 6. HP: 33/41 MP: 6/6
  2366 | D:4      | You fall into a shaft and drop 3 floors!
  2367 | D:7      | Noticed Menkaure
  2367 | D:7      | Noticed an ice beast
  2433 | D:7      | Found a sand-covered staircase.
  2473 | Ossuary  | Entered an ossuary
  2520 | Ossuary  | Reached skill level 5 in Shapeshifting
  2522 | Ossuary  | Reached XP level 7. HP: 46/46 MP: 7/7
  2766 | Ossuary  | Reached XP level 8. HP: 47/54 MP: 8/8
  2776 | Ossuary  | Reached skill level 5 in Unarmed Combat
  2776 | Ossuary  | Reached skill level 6 in Shapeshifting
  3068 | D:7      | HP: 2/54 [poisoned by a gnoll bouda]
  3072 | D:7      | Gained mutation: You possess an exceptional clarity of
                  | mind. [potion of mutation]
  3072 | D:7      | Gained mutation: Your spells are a little harder to cast,
                  | but a little more powerful. [potion of mutation]
  3072 | D:7      | Gained mutation: You have very sharp teeth. [potion of
                  | mutation]
  3073 | D:7      | HP: 2/54 [poisoned by a gnoll bouda]
  3201 | D:6      | Reached skill level 5 in Dodging
  3240 | D:6      | Reached skill level 7 in Shapeshifting
  3285 | D:6      | Reached skill level 5 in Fighting
  3285 | D:6      | Reached XP level 9. HP: 48/61 MP: 9/9
  3299 | D:5      | Entered Level 5 of the Dungeon
  3301 | D:5      | Noticed Prince Ribbit
  3474 | D:6      | Killed Prince Ribbit
  3519 | D:4      | Found Saimir's Antique Weapon Boutique.
  3526 | D:4      | Bought a runed sling for 126 gold pieces
  3655 | D:4      | Found a basalt altar of Yredelemnul.
  3844 | D:4      | Found an ornate altar of the Wu Jian Council.
  4049 | D:4      | Found an iron altar of Okawaru.
  4049 | D:4      | Found a shimmering altar of Xom.
  4050 | D:4      | Found a shadowy altar of Dithmenos.
  4253 | D:4      | Noticed Sigmund
  4260 | D:4      | Killed Sigmund
  4261 | D:4      | Reached skill level 8 in Shapeshifting
  4472 | D:5      | Found a blossoming altar of Fedhas.
  4475 | D:5      | Noticed Ijyb
  4488 | D:5      | Killed Ijyb
  5025 | D:6      | Found a transporter.
  5151 | D:6      | Found a transporter.
  5152 | D:6      | Noticed a kobold demonologist
  5271 | D:6      | Found a staircase to the Ecumenical Temple.
  5415 | Temple   | Entered the Ecumenical Temple
  5426 | Temple   | Became a worshipper of Hepliaklqana the Forgotten
  5480 | D:7      | Killed Menkaure
  5481 | D:7      | Reached skill level 1 in Invocations
  5534 | D:7      | Noticed a cyclops
  5558 | D:7      | Slain by a cyclops

Illustrated notes

Levels and vault maps discovered:
D:1:      dpeg_arrival_shrine, layout_loops_ring, serial_aquarium,
          aquarium_bridge_long_joined [aquarium_subvault_wall,
          aquarium_subvault_bridge, aquarium_subvault_window,
          aquarium_subvault_bridge, aquarium_subvault_bridge,
          aquarium_subvault_balcony], aquarium_bridge_straight
          [aquarium_subvault_bridge, aquarium_subvault_wall,
          aquarium_subvault_bridge, aquarium_subvault_wall],
          aquarium_window_fake, aquarium_window_1, aquarium_window_fake,
          aquarium_view_2f, aquarium_balcony_3b, aquarium_pool_split
D:2:      layout_basic, basic_altar, kennysheep_generic_room_6
D:3:      layout_basic, mainiacjoe_overflow_six_doors_small
D:4:      layout_gridville, lemuel_coloured_pillars_altar,
          nicolae_yredelemnul_corpse_copse, minitemple, serial_shops, shop,
          uniq_sigmund
D:5:      layout_layer_cave, mainiacjoe_overflow_concentric_impassable,
          uniq_ijyb, uniq_prince_ribbit1
D:6:      gammafunk_wand_slinger, layout_loops_ring, minmay_temple_entry_tees,
          st_stairs_3
D:7:      minmay_the_grid_octo_tiled_octocenter [minmay_the_grid_octo_pinwheel,
          minmay_the_grid_octo_clover_2, minmay_the_grid_octo_77,
          minmay_the_grid_octo_fan_narrow,
          minmay_the_grid_octo_prize_single_spiral,
          minmay_the_grid_square_5x5_z, minmay_the_grid_square_5x5_inner_v,
          minmay_the_grid_square_5x5_comb,
          minmay_the_grid_square_5x5_bracketed], layout_rooms,
          lightli_ossuary_entry_decrepit_ruins, uniq_menkaure
Temple:   nicolae_temple_two_arcs

Skill      XL: |  1  2  3  4  5  6  7  8  9 |
---------------+----------------------------+-----
Fighting       | 2 3 5 6 |  6.1
Shapeshifting  | 4 5 7 8 |  8.5
Dodging        | 3 4 5 6 |  6.0
Unarmed Combat | 4 5 6 |  6.7
Invocations    | 1 |  1.3

Action                     |  1- 3 |  4- 6 |  7- 9 || total
---------------------------+-------+-------+-------++-------
  Melee: Unarmed           |    45 |       |    99 ||   144
         Constrict         |    17 |    17 |    59 ||    93
         Tentacles         |     8 |    12 |    63 ||    83
         Punch             |     3 |     2 |    19 ||    24
         Whip              |    31 |    63 |   151 ||   245
         Bite              |       |       |    20 ||    20
   Fire: Sling             |       |       |     7 ||     7
  Throw: Boomerang         |       |     4 |    12 ||    16
    Use: Potion            |       |       |     6 ||     6
   Stab: Sleeping          |    14 |     6 |     7 ||    27
 Armour: Skin              |    16 |    26 |   136 ||   178
  Dodge: Dodged            |    37 |    35 |   157 ||   229

Table legend: (Time is in decaauts)
 A = Elapsed time spent in this place.
 B = Non-inter-level travel time spent in this place.
 C = Inter-level travel time spent in this place.
 D = Time resting spent in this place.
 E = Time spent auto-exploring this place.
 F = Levels seen in this place.
 G = Mean time per level.
                   A        B        C        D        E       F      G
               +--------+--------+--------+--------+--------+-----+--------+
         Total |   5582 |   5424 |    158 |    482 |   3583 |   9 |  620.2 |
       Dungeon |   4970 |   4812 |    158 |    307 |   3495 |   7 |  710.0 |
        Temple |     20 |     20 |      0 |      0 |      0 |   1 |   20.0 |
       Ossuary |    591 |    591 |      0 |    175 |     88 |   1 |  591.0 |
               +--------+--------+--------+--------+--------+-----+--------+

Top non-repeatable levels by time:
     D:1: 1000 daAuts
     D:6: 907 daAuts
     D:4: 838 daAuts
     D:2: 784 daAuts
 Ossuary: 591 daAuts
     D:3: 559 daAuts
     D:5: 534 daAuts
     D:7: 345 daAuts
  Temple: 20 daAuts
